 Dungeon Crawl Stone Soup version 0.15.2 (webtiles) character file.

252 RottenBandages the Insei (level 5, -2/41 HPs)
             Began as a Mummy Monk on Oct 28, 2015.
             Slain by Eustachio
             ... wielding a +4 falchion
              (13 damage)
             ... on Level 4 of the Dungeon.
             The game lasted 00:06:37 (3617 turns).

RottenBandages the Insei (Mummy Monk)               Turns: 3617, Time: 00:06:37

HP  -2/41        AC  8     Str 14      XL: 5   Next: 89%
MP   5/5         EV 13     Int  9      God:
Gold 188         SH  0     Dex 15      Spells:  0 memorised,  4 levels left

rFire  x . .     SeeInvis .       - Unarmed
rCold  + . .     Clarity  .     a - +1 robe
rNeg   + + +     rCorr    .     (no shield)
rPois  +         rRot     +     e - +0 helmet
rElec  .         Spirit   .     (no cloak)
SustAb .         Warding  .     (no gloves)
rMut   .         Stasis   .     (no boots)
Gourm  .                        (no amulet)
MR     .....                    c - +4 ring of protection
                                (no ring)

@: not resistant to hostile enchantments, unstealthy
A: no food or potions, fire vulnerability, restore body, cold resistance 1,
negative energy resistance 3, poison resistance, torment resistance, unbreathing
a: no special abilities


You were on level 4 of the Dungeon.
You were not hungry.

You visited 1 branch of the dungeon, and saw 4 of its levels.

You collected 188 gold pieces.


Innate Abilities, Weirdness & Mutations

You do not eat or drink.
Your flesh is vulnerable to fire.
Your flesh is cold resistant.
You are immune to negative energy.
Your system is resistant to poisons.
You are immune to unholy pain and torment.
You can survive without breathing.


   Skills:
 - Level 3.0 Fighting
 - Level 2.4 Dodging
 - Level 1.5 Stealth
 + Level 6.0 Unarmed Combat


You had 4 spell levels left.
You didn't know any spells.

Inventory:

Missiles
 h - 15 poisoned needles (quivered)
 k - 2 throwing nets {=f}
Armour
 a - a +1 robe (worn)
 e - a +0 helmet (worn)
Scrolls
 d - a scroll of enchant weapon
 g - a scroll of remove curse
 j - a scroll of immolation {!r}
Jewellery
 c - a +4 ring of protection (right hand)
 f - a cursed amulet of resist corrosion {unknown}

Dungeon Overview and Level Annotations

Branches:
Dungeon (4/15)
 Temple: D:4-7

Altars:
Ashenzari
Nemelex Xobeh
Xom
Yredelemnul

Annotations:
D:4 Eustachio

# # ..##. ...###
### .....### ##.#
.......#. #.##
#........
#M####.......#
##@##........#
#.##..####..#
##....@###.#
#.####.....######
#.# ###.........
## ##........
#.######. #.#


You could see Eustachio.


Message History

Eustachio is moderately wounded.
Eustachio calls on the powers of shadow!
Eustachio hits you with a runed falchion.
You miss Eustachio.
Eustachio is moderately wounded.
Eustachio casts a spell.
Eustachio blinks!
You hit Eustachio but do no damage.
Eustachio is moderately wounded.
You hit Eustachio.
Eustachio is heavily wounded.
Eustachio hits you with a runed falchion!
* * * LOW HITPOINT WARNING * * *
You barely miss Eustachio.
Eustachio is heavily wounded.
Eustachio barely misses you.
You hit Eustachio.
Eustachio is heavily wounded.
Eustachio hits you with a runed falchion.
* * * LOW HITPOINT WARNING * * *
You are too injured to fight recklessly!
You are too injured to fight recklessly!
You are too injured to fight recklessly!
You are too injured to fight recklessly!
You closely miss Eustachio.
Eustachio is heavily wounded.
You hit Eustachio but do no damage.
Eustachio is heavily wounded.
Eustachio hits you with a runed falchion!
You die...

Action                   |  1- 3 |  4- 6 || total
-------------------------+-------+-------++-------
Melee: Unarmed           |   167 |   209 ||   376
  Use: Scroll            |       |     5 ||     5
 Stab: Sleeping          |     3 |     1 ||     4
       Distracted        |       |     1 ||     1

Vault maps used:
D:1:      eino_arrival_cavern_d, nrook_mini_backslash
D:2:      evilmike_ruin_ashenzari, nemelex_deck,
          amethyst_overflow_temple_binary, grunt_ministairs_5, st_stairs_1,
          uniq_jessica
D:3:      first_bread, uniq_terence
D:4:      nicolae_ossuary_entry_monument, uniq_eustachio, uniq_duvessa

Notes
Turn   | Place    | Note
--------------------------------------------------------------
     0 | D:1      | RottenBandages, the Mummy Monk, began the quest for the Orb.
     0 | D:1      | Reached XP level 1. HP: 18/18 MP: 1/1
   234 | D:1      | Reached XP level 2. HP: 14/24 MP: 2/2
   686 | D:1      | Reached skill level 4 in Unarmed Combat
   977 | D:1      | Reached XP level 3. HP: 22/29 MP: 3/3
  1116 | D:2      | Noticed Jessica
  1133 | D:2      | Killed Jessica
  1376 | D:2      | Found a shattered altar of Ashenzari.
  1509 | D:2      | Found a shimmering altar of Xom.
  1519 | D:2      | Found a basalt altar of Yredelemnul.
  1575 | D:2      | Reached XP level 4. HP: 35/35 MP: 4/4
  1727 | D:2      | Found a sparkling altar of Nemelex Xobeh.
  2071 | D:3      | Noticed Terence
  2092 | D:3      | Killed Terence
  2141 | D:3      | Noticed nowai's ghost (weakling OpWz)
  2155 | D:3      | Killed nowai's ghost
  2155 | D:3      | Reached skill level 5 in Unarmed Combat
  2705 | D:3      | Reached XP level 5. HP: 30/41 MP: 5/5
  3556 | D:4      | Reached skill level 6 in Unarmed Combat
  3573 | D:4      | Noticed Eustachio
  3617 | D:4      | Slain by Eustachio

Vanquished Creatures
  A centaur skeleton (D:3)
  A hound (D:4)
  Jessica (D:2)
  The ghost of nowai the Magician, a weakling OpWz (D:3)
  Terence (D:3)
  6 gnolls
  2 adders
  An adder skeleton (D:4)
  2 giant geckos
  2 oozes
  5 ball pythons
  14 bats
  2 giant cockroaches
  4 hobgoblins
  7 giant newts
  8 goblins
  3 jackals (D:3)
  6 kobolds
  6 rats
73 creatures vanquished.
